 Dungeon Crawl Stone Soup version 0.19-a0-1637-gfc13266 (webtiles) character file.

37 sveltemanboy the Skirmisher (level 3, -1/29 HPs)
             Began as a Demonspawn Monk on Sept 19, 2016.
             Slain by an orc wizard
             ... wielding a +0 dagger
              (3 damage)
             ... on level 2 of the Dungeon.
             The game lasted 00:03:41 (1538 turns).

sveltemanboy the Skirmisher (Demonspawn Monk)       Turns: 1538, Time: 00:03:42

Health: -1/29      AC:  7    Str: 12    XL:     3   Next: 23%
Magic:  3/3        EV: 11    Int: 11    God:
Gold:   59         SH:  0    Dex: 15    Spells: 0 memorised, 2 levels left

rFire  . . .     SeeInvis .       - Unarmed
rCold  . . .     Gourm    .     d - +0 scale mail
rNeg   . . .     Faith    .     (no shield)
rPois  .         Spirit   .     j - +0 helmet
rElec  .         Dismiss  .     (no cloak)
rCorr  +         Reflect  .     (no gloves)
MR     .....     Harm     .     (no boots)
Stlth  +.........               (no amulet)
                                (no ring)
                                n - ring of resist corrosion

@: no status effects
A: blurry vision 1, sturdy frame 1
a: no special abilities


You were on level 2 of the Dungeon.
You were very hungry.

You visited 1 branch of the dungeon, and saw 3 of its levels.

You collected 59 gold pieces.

Inventory:

Armour
 d - a +0 scale mail (worn)
 j - a +0 helmet (worn)
Jewellery
 n - a ring of resist corrosion (left hand)
Scrolls
 a - a scroll of acquirement {unknown}
 c - a scroll of random uselessness {unknown}
 h - a scroll of noise {unknown}
 i - a scroll of teleportation {unknown}
 k - a scroll of magic mapping {unknown}
 l - a scroll of immolation {unknown}
 m - a scroll of fog {unknown}
 p - a scroll of remove curse {unknown}
Potions
 o - a potion of berserk rage
Comestibles
 b - 2 bread rations
 f - a meat ration


   Skills:
 - Level 3.0 Fighting
 * Level 2.2 Armour
 - Level 3.0 Dodging
 - Level 1.7 Stealth
 - Level 2.6 Unarmed Combat


You had 2 spell levels left.
You didn't know any spells.

Dungeon Overview and Level Annotations

Branches:
Dungeon (3/15)

Altars:


Innate Abilities, Weirdness & Mutations

Your movements are slightly less encumbered by armour. (ER -2)
Scrolls take you a little longer to read.


Message History

You are too injured to fight recklessly!
You are too injured to fight recklessly!
You barely miss the orc wizard.
The orc wizard is severely wounded.
The orc wizard hits you with a dagger.
* * * LOW HITPOINT WARNING * * *
It was a potion of berserk rage.
You're too hungry to go berserk.
The orc wizard barely misses you.
It was a potion of cancellation.
You feel magically purged.
The orc wizard hits you but does no damage.
It was a potion of mutation.
You feel extremely strange.
Your vision blurs.
You feel agile.
You feel clumsy.
The orc wizard hits you but does no damage.
You hit the orc wizard but do no damage.
The orc wizard is severely wounded.
The orc wizard barely misses you.
You closely miss the orc wizard.
The orc wizard is severely wounded.
The orc wizard hits you with a dagger.
You die...

..........#.#
#########...#######
# ##...#....# #
##.......# #####
#.##....# ....#####
#.......#
###.....######....#
....###...## #....#
..#...###..###.>@o#
#.###..###.......##
...###..###......#
)#..###..........#
.##..#####.......#
......# ##......#
.###### #......# .#
#......# .#
#......#


You could see an orc wizard.

Vanquished Creatures
  A worm (D:2)
  A leopard gecko (D:1)
  2 ball pythons (D:1)
  6 bats
  2 giant cockroaches (D:1)
  4 goblins (D:1)
  2 hobgoblins
  2 jackals (D:1)
  2 frilled lizards
  6 kobolds
  6 rats
34 creatures vanquished.

Notes
Turn   | Place    | Note
-------+----------+-------------------------------------------
     0 | D:1      | sveltemanboy the Demonspawn Monk began the quest for the Orb.
     0 | D:1      | Reached XP level 1. HP: 18/18 MP: 1/1
    39 | D:1      | Reached skill level 1 in Armour
   337 | D:1      | Gained mutation: Your movements are slightly less encumbered by armour. (ER -2) [demonic ancestry]
   337 | D:1      | Reached XP level 2. HP: 24/24 MP: 2/2
  1042 | D:2      | Reached XP level 3. HP: 24/29 MP: 3/3
  1536 | D:2      | Gained mutation: Scrolls take you a little longer to read. [potion of mutation]
  1536 | D:2      | Gained mutation: You are agile. (Dex +2) [potion of mutation]
  1536 | D:2      | Lost mutation: You are agile. (Dex +2) [potion of mutation]
  1538 | D:2      | Slain by an orc wizard

Vault maps used:
D:1:      nicolae_arrival_washed_ashore, dk_noncrumbling_3, minmay_misc_feat_chi
D:2:      st_stairs_6
D:3:      serial_park_tiny_1, minmay_splitting_lines

Skill      XL: |  1  2 |
---------------+-------+-----
Armour         | 1 2 |  2.2
Dodging        | 3 |  3.0
Fighting       | |  3.0
Stealth        | |  1.7
Unarmed Combat | |  2.6

Action                   || total
-------------------------++-------
Melee: Unarmed           ||   179
       Punch             ||     3
  Use: Potion            ||     3
  Eat: Chunk             ||     1
Armor: Robe              ||     8
       Scale mail        ||    38
Dodge: Dodged            ||   104
